 Dungeon Crawl Stone Soup version 0.20-a0-1025-g4706f7e (webtiles) character file.

9401 Gorglomux the Arsonist (level 11, -12/74 HPs)
             Began as a Pale Draconian Fire Elementalist on Apr 19, 2017.
             Was a Priest of Vehumet.
             Mangled by Snorg (16 damage)
             ... on level 10 of the Dungeon.
             The game lasted 00:32:30 (12272 turns).

Gorglomux the Arsonist (DrFE)                      Turns: 12272, Time: 00:32:31

Health: -12/74     AC: 12    Str: 11    XL:     11   Next: 22%
Magic:  5/21       EV: 12    Int: 17    God:    Vehumet [***...]
Gold:   39         SH:  0    Dex: 12    Spells: 11/24 levels left

rFire    . . .     SeeInvis +   i - +3 dagger (venom)
rCold    . . .     Gourm    .   (no shield)
rNeg     + . .     Faith    .   (armour unavailable)
rPois    +         Spirit   .   (helmet restricted)
rElec    .         Reflect  .   e - +2 ratskin cloak {+Rats rPois rN+ Str-1 Int-1 Dex+1}
rCorr    .         Harm     .   (no gloves)
MR       .....                  (no boots)
Stlth    ++........             m - amulet of rage {+Rage, !d}
Regen    0.3/turn               q - ring of see invisible {sInv, !d}
MPRegen  0.2/turn               K - +2 ring of protection

@: no status effects
A: breathe steam, unfitting armour, cold-blooded, AC +7
a: Breathe Steam, Renounce Religion, Evoke Ratskin, Evoke Berserk Rage


You were on level 10 of the Dungeon.
You worshipped Vehumet.
Vehumet was most pleased with you.
You were not hungry.

You visited 2 branches of the dungeon, and saw 11 of its levels.

You collected 654 gold pieces.
You spent 615 gold pieces at shops.

Inventory:

Hand Weapons
 b - a +0 fustibalus of venom
   (You found it on level 4 of the Dungeon)
 d - a +0 club
   (You took it off a goblin on level 1 of the Dungeon)
 i - a +3 dagger of venom (weapon)
   (You took it off a kobold on level 1 of the Dungeon)
Missiles
 N - a throwing net {=f, !d}
Armour
 e - the +2 ratskin cloak (worn) {+Rats rPois rN+ Str-1 Int-1 Dex+1}
   (You bought it in a shop on level 10 of the Dungeon)

   It affects your strength (-1).
   It affects your intelligence (-1).
   It affects your dexterity (+1).
   It protects you from poison.
   It protects you from negative energy.
 k - a scarf of cold resistance
   (You found it on level 1 of the Dungeon)
 S - a +0 pair of gloves
   (You found it on level 10 of the Dungeon)
Jewellery
 m - an amulet of rage (around neck) {+Rage, !d}
   (You found it on level 1 of the Dungeon)
 q - a ring of see invisible (left hand) {sInv, !d}
   (You found it on level 1 of the Dungeon)
 K - a +2 ring of protection (right hand)
   (You found it on level 10 of the Dungeon)
 Q - an uncursed ring of positive energy {rN+}
   (You found it on level 10 of the Dungeon)
Wands
 P - a wand of clouds (3/9)
   (You found it on level 8 of the Dungeon)
Scrolls
 c - 5 scrolls of magic mapping {!r}
 g - 2 scrolls of teleportation
 l - a scroll of blinking {unknown}
 n - 4 scrolls of remove curse
 o - 2 scrolls of recharging {unknown}
 t - a scroll of torment {unknown}
 u - 2 scrolls of enchant armour {unknown}
 y - 2 scrolls of noise {unknown}
 F - a scroll of enchant weapon
 H - 3 scrolls of immolation {!r}
 J - a scroll of random uselessness {unknown}
 M - a scroll of silence {unknown}
 O - a scroll of fog {unknown}
 R - 3 scrolls of identify
 T - a scroll of vulnerability {unknown}
Potions
 f - 2 potions of heal wounds
 j - 2 potions of lignification {!q}
 r - 2 potions of haste {unknown}
 s - a potion of berserk rage {unknown}
 v - 2 potions of degeneration {!q}
 w - a potion of mutation {unknown}
 x - a potion of might {unknown}
 z - a potion of resistance {unknown}
 B - 6 potions of curing
 C - a potion of brilliance
 G - a potion of flight
 I - 2 potions of ambrosia
Books
 a - a book of Flames
 E - a book of Misfortune
   (You found it on level 5 of the Dungeon)
 L - a book of Frost
   (You found it on level 7 of the Dungeon)
Comestibles
 h - 5 meat rations {@e2@e2}
 p - 7 royal jellies
 A - 6 fruits
 D - 9 bread rations {@e1@e1}


   Skills:
 - Level 2.0 Dodging
 - Level 2.3 Stealth
 + Level 7.3 Spellcasting
 * Level 10.9 Conjurations
 * Level 12.4 Fire Magic
 * Level 1.5 Evocations


You had 11 spell levels left.
You knew the following spells:

 Your Spells              Type           Power        Failure   Level  Hunger
a - Flame Tongue          Conj/Fire      #####        1%          1    None
c - Conjure Flame         Conj/Fire      #####...     1%          3    ##.....
f - Fireball              Conj/Fire      #####.....   1%          5    #####..
s - Sticky Flame          Conj/Fire      #####...     1%          4    ####...


Dungeon Overview and Level Annotations

Branches:
Dungeon (10/15)            Temple (1/1) D:6            Lair (0/6) D:8
    Orc (0/2) D:10

Altars:
Ashenzari
Cheibriados
Dithmenos
Elyvilon
Fedhas
Gozag
Hepliaklqana
Kikubaaqudgha
Makhleb
Nemelex Xobeh
Okawaru
Qazlal
Ru
Sif Muna
Trog
Uskayaw
Vehumet
Wu Jian
Yredelemnul
Zin
The Shining One
Beogh

Shops:
D:6 ?   D:10 [

Annotations:
D:10 Harold, Snorg


Innate Abilities, Weirdness & Mutations

You can breathe blasts of scalding, opaque steam.
Your pale cyan-grey scales are hard. (AC +7)
You cannot fit into any form of body armour.
You are cold-blooded and may be slowed by cold attacks.


Message History

The big kobold burns!
You kill the big kobold!
Vehumet accepts your kill.
You feel your power returning.
Aim: a kobold, wielding a dagger The flame tongue hits the kobold.
You kill the kobold!
Vehumet accepts your kill.
You feel your power returning.
Aim: a kobold, wielding a whip The flame tongue hits the kobold.
You kill the kobold!
Vehumet accepts your kill.
You feel your power returning.
Aim: a kobold, wielding an enchanted short sword The flame tongue hits the kobold.
You kill the kobold!
Vehumet accepts your kill.
You now have 18/21 mp.
Aim: a kobold The flame tongue hits the kobold.
You kill the kobold!
Vehumet accepts your kill.
You feel your power returning.
Aim: a kobold The flame tongue hits the kobold.
The kobold barely misses you.
You now have 18/21 mp.
Aim: a kobold (moderately wounded)
The flame tongue hits the kobold.
The kobold appears unharmed.
The kobold barely misses you.
You now have 17/21 mp.
The flame tongue hits the kobold.
You kill the kobold!
Vehumet accepts your kill.
You feel your power returning.
You can't see any susceptible monsters within range! (Use Z to cast anyway.) Unknown command.
Unknown command.
You start resting.
Health restored: 74; MP restored: 21
Things that are here:
a dagger; a kobold corpse
Items here: )) ††† an enchanted short sword; a whip; a kobold corpse x3
Snorg the Insatiable comes into view.
The rats of the Dungeon answer your call.
You feel somewhat more hungry.
You now have 18/21 mp.
You fail to use your ability.
Snorg shouts!
What are your orders? t - Shout!
Orders for allies: a - Attack new target. r - Retreat! s - Stop attacking. g - Guard the area. f - Follow me.
Anything else - Cancel.
Gang up on whom?
Aim: Snorg Attack!
Your hell rat bites Snorg.
Your hell rat bites Snorg!
Aim: Snorg (lightly wounded)
The flame tongue hits Snorg.
Your hell rat bites Snorg.
Snorg goes berserk!
Your hell rat barely misses Snorg.
Your hell rat bites Snorg!
An ice beast comes into view.
Aim: Snorg (heavily wounded, berserk, fast, unusually strong)
The flame tongue misses Snorg.
You now have 17/21 mp.
Aim: Snorg (heavily wounded, berserk, fast, unusually strong)
The sticky flame hits Snorg.
Snorg is covered in liquid flames!
Snorg burns!
Snorg bites you! Snorg misses you. Snorg claws you!
Your hell rat bites Snorg!
You take 19 damage, and have 55/74 hp.
MASSIVE DAMAGE!!
You now have 13/21 mp.
Aim: Snorg (heavily wounded, berserk, fast, unusually strong, covered in liquid flames)
Okay, then.
Snorg burns!
Snorg bites you!! Snorg claws you! Snorg claws you.
* * * LOW HITPOINT WARNING * * *
You take 34 damage, and have 21/74 hp.
MASSIVE DAMAGE!!
Snorg burns!
Your hell rat bites Snorg.
Snorg bites your hell rat. Snorg claws your hell rat!
Your hell rat dies!
Your hell rat bites Snorg.
Unknown command.
The fireball explodes!
The fireball engulfs Snorg.
Snorg burns!
Snorg barely misses you. x3
A worker ant comes into view.
You now have 8/21 mp.
Aim: Snorg (almost dead, berserk, fast, unusually strong, covered in liquid flames)
The sticky flame hits Snorg.
Snorg is covered in liquid flames!
Snorg burns!
Your hell rat bites Snorg.
The worker ant barely misses your hell rat.
Snorg bites your hell rat! Snorg claws your hell rat.
Snorg claws your hell rat!
Your hell rat dies!
Snorg closely misses you. Snorg claws you!
* * * LOW HITPOINT WARNING * * *
Snorg claws you!
You die...

#(...........
#################............
..............)).............
..##############..###########
#.# #..# #.##############..#
#.................########
..........................
##############..@.........
#.T########## ######### #..#
...............a#
............Y.....
..............#####
.............. ..............
..............


You could see Snorg (berserk), an ice beast and a worker ant.

Vanquished Creatures
  Erolcha (D:9)
  A two-headed ogre (D:8)
  Sonja (D:10)
  Psyche (D:9)
  A troll (D:9)
  A hippogriff (D:10)
  Sigmund (D:4)
  A spriggan (D:7)
  Eustachio (D:6)
  4 yaks (D:10)
  2 wyverns
  A soldier ant (D:10)
  A water moccasin (D:5)
  2 hell hounds (D:8)
  An ice beast (D:8)
  7 orc warriors
  2 sky beasts
  A phantom (D:6)
  4 necrophages (D:8)
  4 ogres
  2 centaurs
  Blork the orc (D:6)
  A big kobold (D:10)
  A gnoll sergeant (D:6)
  3 bullfrogs
  A water moccasin zombie (D:6)
  A wyvern skeleton (D:10)
  4 scorpions
  2 killer bees (D:10)
  10 wights
  5 howler monkeys
  5 crimson imps
  2 centaur zombies
  A bullfrog zombie (D:8)
  A jelly (D:3)
  8 hounds
  A centaur skeleton (D:9)
  8 orc priests
  2 bullfrog skeletons
  10 orc wizards
  4 iguanas
  6 worker ants
  A worker ant zombie (D:8)
  7 gnolls
  13 adders
  4 oozes
  2 adder zombies
  An adder skeleton (D:6)
  6 worms
  A dart slug (D:1)
  A leopard gecko (D:8)
  60 orcs
  A ball python (D:4)
  6 bats
  3 giant cockroaches
  15 goblins
  14 hobgoblins
  4 jackals
  10 kobolds
  6 quokkas
  3 frilled lizards
  A jackal skeleton (D:5)
  A jackal zombie (D:5)
  3 rats
  2 plants (D:8)
282 creatures vanquished.

Vanquished Creatures (others)
  3 plants (D:8)
3 creatures vanquished.

Grand Total: 285 creatures vanquished

Notes
Turn   | Place    | Note
-------+----------+-------------------------------------------
     0 | D:1      | Gorglomux the Draconian Fire Elementalist began the quest for the Orb.
     0 | D:1      | Reached XP level 1. HP: 14/14 MP: 3/3
   384 | D:1      | Reached XP level 2. HP: 19/20 MP: 0/5
   388 | D:1      | Reached skill level 2 in Stealth
   908 | D:1      | Reached skill level 2 in Dodging
  1165 | D:1      | Reached XP level 3. HP: 26/26 MP: 3/6
  1902 | D:2      | Learned a level 3 spell: Conjure Flame
  2343 | D:2      | Reached skill level 2 in Conjurations
  2343 | D:2      | Reached XP level 4. HP: 19/33 MP: 0/7
  2737 | D:3      | Reached skill level 4 in Fire Magic
  3087 | D:3      | Learned a level 4 spell: Sticky Flame
  3108 | D:3      | Reached XP level 5. HP: 38/38 MP: 4/9
  3337 | D:3      | Reached skill level 3 in Spellcasting
  3504 | D:3      | Reached skill level 3 in Conjurations
  3643 | D:4      | Noticed Sigmund
  3685 | D:4      | Killed Sigmund
  3685 | D:4      | Reached skill level 5 in Fire Magic
  3685 | D:4      | Reached XP level 6. HP: 33/45 MP: 0/11
  4035 | D:4      | HP: 10/45 [orc priest/divine providence (10)]
  4045 | D:4      | Reached skill level 4 in Conjurations
  4391 | D:4      | Found a shadowy altar of Dithmenos.
  4589 | D:4      | Your scales start taking on a pale cyan-grey colour.
  4589 | D:4      | Reached skill level 6 in Fire Magic
  4589 | D:4      | Reached XP level 7. HP: 48/50 MP: 7/12
  4880 | D:5      | Entered Level 5 of the Dungeon
  5183 | D:5      | Reached skill level 5 in Conjurations
  5184 | D:5      | Reached skill level 4 in Spellcasting
  5481 | D:5      | Reached skill level 7 in Fire Magic
  5494 | D:4      | Reached XP level 8. HP: 51/57 MP: 7/14
  5680 | D:5      | Learned a level 5 spell: Fireball
  5746 | D:5      | Found a hide-covered altar of Uskayaw.
  5819 | D:5      | Reached skill level 6 in Conjurations
  6377 | D:6      | Reached skill level 8 in Fire Magic
  6447 | D:6      | Found a deep blue altar of Sif Muna.
  6447 | D:6      | Found a sacrificial altar of Ru.
  6486 | D:6      | Reached skill level 7 in Conjurations
  6670 | D:6      | Noticed Eustachio
  6673 | D:6      | Noticed Blork the orc
  6691 | D:6      | Reached skill level 5 in Spellcasting
  6717 | D:6      | Killed Eustachio
  6717 | D:6      | Reached XP level 9. HP: 62/62 MP: 5/16
  6850 | D:6      | Killed Blork the orc
  7008 | D:6      | Found a staircase to the Ecumenical Temple.
  7014 | Temple   | Entered the Ecumenical Temple
  7222 | Temple   | Became a worshipper of Vehumet
  7306 | D:6      | Found Mehodghyw's Magic Scroll Boutique.
  7308 | D:6      | Reached skill level 9 in Fire Magic
  7330 | D:6      | Bought a scroll of immolation for 42 gold pieces
  7330 | D:6      | Bought a scroll of brand weapon for 240 gold pieces
  7577 | D:7      | HP: 14/62 [orc warrior/glaive (14)]
  7915 | D:7      | Reached skill level 8 in Conjurations
  8075 | D:7      | Reached * piety under Vehumet
  8075 | D:7      | Offered knowledge of Sandblast by Vehumet.
  8280 | D:7      | Reached skill level 10 in Fire Magic
  8992 | D:8      | Noticed a two-headed ogre
  9096 | D:8      | HP: 13/62 [hell hound (9)]
  9097 | D:8      | HP: 1/62 [hell hound/blast of flame (12)]
  9409 | D:8      | Found a blossoming altar of Fedhas.
  9422 | D:8      | Found a staircase to the Lair.
  9452 | D:8      | Killed a two-headed ogre
  9452 | D:8      | Reached skill level 6 in Spellcasting
  9452 | D:8      | Reached skill level 9 in Conjurations
  9452 | D:8      | Reached XP level 10. HP: 44/69 MP: 10/19
 10148 | D:8      | Reached skill level 11 in Fire Magic
 10313 | D:8      | Reached ** piety under Vehumet
 10313 | D:8      | Offered knowledge of Shock by Vehumet.
 10466 | D:9      | Noticed Erolcha
 10475 | D:9      | Paralysed by Erolcha for 7 turns
 10486 | D:9      | Killed Erolcha
 10486 | D:9      | Reached skill level 10 in Conjurations
 10666 | D:9      | Noticed Psyche
 10669 | D:9      | Killed Psyche
 11044 | D:9      | Found a roughly hewn altar of Beogh.
 11053 | D:9      | Offered knowledge of Stone Arrow by Vehumet.
 11063 | D:9      | Reached skill level 12 in Fire Magic
 11379 | D:9      | Reached *** piety under Vehumet
 11635 | D:10     | Entered Level 10 of the Dungeon
 11669 | D:10     | Reached skill level 7 in Spellcasting
 11688 | D:10     | Reached XP level 11. HP: 73/74 MP: 9/21
 11724 | D:10     | Found Naomp's Armour Shop.
 11727 | D:10     | Found a staircase to the Orcish Mines.
 11780 | D:10     | Offered knowledge of Force Lance by Vehumet.
 11797 | D:10     | Bought the +2 ratskin cloak {+Rats rPois rN+ Str-1 Int-1 Dex+1} for 333 gold pieces
 11862 | D:10     | Noticed Sonja
 11864 | D:10     | Killed Sonja
 12041 | D:10     | Reached skill level 1 in Evocations
 12148 | D:10     | Noticed Harold
 12260 | D:10     | Noticed Snorg
 12272 | D:10     | HP: 4/74 [Snorg (17)]
 12272 | D:10     | Mangled by Snorg

Vault maps used:
D:1:      lemuel_arrival_river_ford, corner_web_ring, serial_bayou_pond_c,
          minmay_tromino_v4_b
D:2:      minmay_hedge_maze, grunt_ministairs_11
D:3:      cheibrodos_greedy_goblins
D:4:      grunt_dithmenos_smoke, uniq_sigmund
D:5:      lemuel_ice_spiral_2, lemuel_doored_altar, first_bread
D:6:      gammafunk_temple_overflow_elements, temple_statues,
          kennysheep_diamond, sword_in_stone, uniq_blork_the_orc
D:7:      the_bakery, st_stairs_8
D:8:      minmay_lair_entry_lava, fedhas_altar_decomposition
D:9:      special_room, uniq_erolcha, uniq_psyche
D:10:     orc_david_3, uniq_sonja, uniq_harold, uniq_snorg
Temple:   dpeg_five_rooms_temple

Skill      XL: |  1  2  3  4  5  6  7  8  9 10 11 |
---------------+----------------------------------+-----
Stealth        | 2 |  2.3
Dodging        | 2 |  2.0
Conjurations   | 2 3 4 5 7 9 10 | 10.9
Fire Magic     | 4 5 6 7 8 10 12 | 12.4
Spellcasting   | 3 4 5 6 7 |  7.3
Evocations     | 1 |  1.5

Action                   |  1- 3 |  4- 6 |  7- 9 | 10-12 || total
-------------------------+-------+-------+-------+-------++-------
Melee: Unarmed           |     7 |       |       |       ||     7
       Tailslap          |     5 |     3 |    16 |     9 ||    33
       Club              |     5 |       |       |       ||     5
       Dagger            |    25 |    63 |   186 |    95 ||   369
 Fire: Fustibalus        |       |       |     6 |       ||     6
Throw: Stone             |       |       |    29 |     3 ||    32
 Cast: Flame Tongue      |    55 |    78 |   120 |    99 ||   352
       Conjure Flame     |     1 |     4 |     5 |     2 ||    12
       Sticky Flame      |       |     1 |     8 |    16 ||    25
       Fireball          |       |       |     8 |    10 ||    18
 Abil: Breathe Steam     |       |       |    32 |    27 ||    59
       Evoke Ratskin     |       |       |       |     5 ||     5
       Evoke Berserk Rag |       |       |       |     1 ||     1
  Use: Potion            |       |     1 |     2 |     1 ||     4
       Scroll            |       |       |    10 |     1 ||    11
 Stab: Sleeping          |     4 |     2 |     2 |       ||     8
  Eat: Chunk             |     5 |     8 |    20 |    12 ||    45
       Royal jelly       |       |       |     1 |     1 ||     2
       Fruit             |       |       |     1 |     2 ||     3
       Meat ration       |       |       |       |     1 ||     1
Armor: Skin              |    19 |    22 |    74 |    58 ||   173
Dodge: Dodged            |    24 |    52 |   178 |    89 ||   343

Vault maps used:
D:1:      lemuel_arrival_river_ford, corner_web_ring, serial_bayou_pond_c,
          minmay_tromino_v4_b
D:2:      minmay_hedge_maze, grunt_ministairs_11
D:3:      cheibrodos_greedy_goblins
D:4:      grunt_dithmenos_smoke, uniq_sigmund
D:5:      lemuel_ice_spiral_2, lemuel_doored_altar, first_bread
D:6:      gammafunk_temple_overflow_elements, temple_statues,
          kennysheep_diamond, sword_in_stone, uniq_blork_the_orc
D:7:      the_bakery, st_stairs_8
D:8:      minmay_lair_entry_lava, fedhas_altar_decomposition
D:9:      special_room, uniq_erolcha, uniq_psyche
D:10:     orc_david_3, uniq_sonja, uniq_harold, uniq_snorg
Temple:   dpeg_five_rooms_temple

Table legend:
 A = Turns spent in this place as a percentage of turns spent in the entire game.
 B = Non-inter-level travel turns spent in this place as a percentage of non-inter-level travel turns spent in the entire game.
 C = Inter-level travel turns spent in this place as a percentage of turns spent in this place.
 D = Turns resting spent in this place as a percentage of non-inter-level travel turns spent in this place.
 E = Turns spent auto-exploring this place as a percentage of non-inter-level travel turns spent in this place.
 F = Non-inter-level travel turns spent in this place divided by the number of levels of this place that you've seen.
                   A       B       C       D       E      F
               +-------+-------+-------+-------+-------+----------------------
         Total | 100.0 | 100.0 |   0.5 |   5.4 |   8.8 | 302.5
       Dungeon |  99.5 |  99.5 |   0.5 |   5.5 |   8.4 | 331.3
        Temple |   0.5 |   0.5 |  11.8 |   0.0 |  86.7 |  15.0
               +-------+-------+-------+-------+-------+----------------------

Table legend:
 A = Kills in this place as a percentage of kills in entire the game.
 B = Kills by you in this place as a percentage of kills by you in the entire game.
 C = Kills by friends in this place as a percentage of kills by friends in the entire game.
 D = Other kills in this place as a percentage of other kills in the entire game.
 E = Experience gained in this place as a percentage of experience gained in the entire game.
 F = Experience gained in this place divided by the number of levels of this place that you have seen.
                   A       B       C       D       E      F
               +-------+-------+-------+-------+-------+----------------------
         Total | 100.0 | 100.0 |  -nan |  -nan | 100.0 | 1221.0
       Dungeon | 100.0 | 100.0 |  -nan |  -nan | 100.0 | 1343.1
               +-------+-------+-------+-------+-------+----------------------
